 Dungeon Crawl Stone Soup version 0.30-a0-595-g91969c0fa5 (webtiles) character file.

Game seed: 11427059427137665163

27216 funkygono the Thaumaturge (level 13, 0/83 HPs)
             Began as a Demonspawn Fire Elementalist on Jan 5, 2023.
             Was a High Priest of Vehumet.
             Slain by a quicksilver ooze (18 damage)
             ... in an ice cave on Jan 6, 2023.
             The game lasted 00:35:39 (16799 turns).

funkygono the Thaumaturge (DsFE)                   Turns: 16799, Time: 00:35:41

Health: 0/83       AC:  8    Str: 10    XL:     13   Next: 3%
Magic:  0/39       EV: 13    Int: 26    God:    Vehumet [*****.]
Gold:   1400       SH:  5    Dex: 14    Spells: 17/38 levels left

rFire   . . .      SeeInvis .    A - +0 dagger (speed)
rCold   . . .      Faith    .    (no shield)
rNeg    . . .      Spirit   .    t - +1 steam dragon scales
rPois   +          Reflect  +    P - +0 hat {Will+}
rElec   .          Harm     .    (no cloak)
rCorr   .          Rampage  .    (gloves unavailable)
Will    +....                    i - +1 pair of boots
Stlth   ++                       C - amulet of reflection
HPRegen 0.33/turn                E - ring "Waech" {rPois MP+9}
MPRegen 0.26/turn                F - +6 ring of intelligence

@: engulfed (cannot breathe), studying Armour
A: antennae 1, powered by death 1, demonic magic 2, weakness stinger 1, demonic
touch 3
a: Renounce Religion


You were in an ice cave.
You worshipped Vehumet.
Vehumet was extremely pleased with you.
You visited 2 branches of the dungeon, and saw 14 of its levels.
You also visited: Ossuary and Ice Cave.

You collected 1805 gold pieces.
You spent 405 gold pieces at shops.

Inventory:

Hand Weapons
 c - a +0 dagger
 j - a +3 short sword of flaming
 A - a +0 dagger of speed (weapon)
 J - a +5 falchion
Armour
 i - a +1 pair of boots (worn)
 t - +1 steam dragon scales (worn)
 P - a +0 hat of willpower (worn)
Magical Staves
 l - a staff of death
Jewellery
 g - a ring of wizardry
 x - a ring of wizardry
 C - an amulet of reflection (around neck)
 E - the ring "Waech" (left hand) {rPois MP+9}
   (You bought it in a shop on level 1 of the Dungeon)

   [ring of magical power]

   rPois:     It protects you from poison.
   MP:        It affects your magic capacity (+9).
 F - a +6 ring of intelligence (right hand)
 N - a +6 ring of dexterity
Wands
 y - a wand of light (6)
 D - a wand of polymorph (12)
 G - a wand of flame (26)
 I - a wand of charming (16)
 O - a wand of mindburst (8)
Scrolls
 e - a scroll of poison
 f - 4 scrolls of torment
 p - 8 scrolls of teleportation
 H - 3 scrolls of enchant armour
 Q - a scroll of fog
 S - a scroll of blinking
Potions
 a - 3 potions of flight
 b - 3 potions of magic
 d - 5 potions of might
 m - 12 potions of curing
 o - 2 potions of berserk rage
 q - a potion of ambrosia
 s - a potion of resistance {unknown}
 u - 2 potions of cancellation
 v - 6 potions of mutation
 B - a potion of haste {unknown}
 M - a potion of invisibility {unknown}
 R - 2 potions of brilliance


   Skills:
 + Level 2.0 Fighting
 + Level 3.0 Short Blades
 + Level 3.3 Dodging
 - Level 1.7 Stealth
 + Level 0.7 Shields
 + Level 13.1 Spellcasting
 + Level 8.7 Conjurations
 + Level 1.1 Translocations
 + Level 4.1 Transmutations
 + Level 9.4 Fire Magic
 + Level 0.1 Air Magic
 + Level 3.3 Earth Magic
 + Level 7.9 Poison Magic


You had 17 spell levels left.
You knew the following spells:

 Your Spells              Type           Power      Damage    Failure   Level
a - Foxfire               Conj/Fire      100%       2x1d9     1%          1
b - Scorch                Fire           100%       2d10      1%          2
c - Kindle Blastsparks    Fire/Tloc/Air  70%        2d15      1%          3
d - Flame Wave            Conj/Fire      59%        2d14      1%          4
e - Kiss of Death         Conj/Necr      100%       2d13      1%          1
f - Stone Arrow           Conj/Erth      96%        3d13      1%          3
g - Ignite Poison         Fire/Tmut/Pois 53%        N/A       1%          3
h - Olgreb's Toxic Radia  Pois           55%        N/A       1%          4

Your spell library contained the following spells:

 Spells                   Type           Power      Damage    Failure   Level
 Iskenderun's Battlesphe  Conj           58%        2d11      1%          5
 Shock                    Conj/Air       100%       1d9       1%          1
 Momentum Strike          Conj/Tloc      84%        3d10      1%          2
 Inner Flame              Hex/Fire       41%        N/A       1%          3
 Irradiate                Conj/Tmut      25%        3d20      1%          5
 Necrotise                Necr           68%        1d7       3%          1
 Slow                     Hex            68%        N/A       3%          1
 Blink                    Tloc           46%        N/A       3%          2
 Gell's Gravitas          Tloc           23%        N/A       6%          3
 Lesser Beckoning         Tloc           46%        N/A       6%          3
 Teleport Other           Tloc           23%        N/A       6%          3
 Airstrike                Air            8%         2d(2-18)  9%          4
 Confusing Touch          Hex            17%        N/A       10%         3
 Swiftness                Air            17%        N/A       10%         3
 Vampiric Draining        Necr           17%        2d7       10%         3
 Blade Hands              Tmut           19%        N/A       17%         5
 Dispel Undead            Necr           17%        3d10      32%         4
 Agony                    Necr           17%        N/A       67%         5
 Dragon Form              Tmut           19%        N/A       99%         7


Dungeon Overview and Level Annotations

Branches:
Dungeon (11/15)            Temple (0/1) D:4            Lair (3/5) D:11
  Swamp (0/4) Lair:3        Snake (0/4) Lair:3          Orc (0/2) D:10
Ossuary (visited)           IceCv (1/1)

Altars:
Hepliaklqana
Kikubaaqudgha
Okawaru
Qazlal
Sif Muna
Trog
Uskayaw
Vehumet
Xom

Shops:
D:1 =   D:6 *   D:10 (


Innate Abilities, Weirdness & Mutations

You have a pair of small antennae on your head.
You regenerate a little health from kills.
Spells you cast may paralyse nearby enemies.
You have a small tail.
Your touch may irresistibly damage your foes and sap their willpower.


Message History

The quicksilver ooze hits you!
* * * LOW HITPOINT WARNING * * *
You feel your power leaking away.
You feel much better.
Your lungs strain for air!
The quicksilver ooze hits you. x2
You feel your power leaking away. The quicksilver ooze hits you!
* * * LOW HITPOINT WARNING * * *
The quicksilver ooze hits you!
* * * LOW HITPOINT WARNING * * *
Unknown command.
You feel much better.
* * * LOW HITPOINT WARNING * * *
Your lungs strain for air!
The quicksilver ooze closely misses you.
The quicksilver ooze hits you!
* * * LOW HITPOINT WARNING * * *
The quicksilver ooze hits you. x2
* * * LOW HITPOINT WARNING * * *
Unknown command.
You feel much better.
* * * LOW HITPOINT WARNING * * *
Your lungs strain for air!
The quicksilver ooze is no longer more vulnerable to fire.
The quicksilver ooze closely misses you.
The quicksilver ooze hits you.
* * * LOW HITPOINT WARNING * * *
Unknown command.
You cannot cast spells while unable to breathe!
Okay, then.
You feel much better.
Your lungs strain for air!
The quicksilver ooze hits you.
* * * LOW HITPOINT WARNING * * *
The quicksilver ooze hits you.
* * * LOW HITPOINT WARNING * * *
You feel your power leaking away. The quicksilver ooze hits you!!
You die...

####...####
#.........####
.....#####.....###
...## ####....## ##
###...#### ##.....##
###### ##.....##
####....### ###....#
#...J@....### ##.....#
#....###.....###......#
#....##
###...........## ....
#.........### ...
########### #. #


You could see a quicksilver ooze.

Vanquished Creatures
  Gastronok (D:11)
  2 boulder beetles
  2 two-headed ogres (D:7)
  The ghost of NoAnimeNoLife the Zephyrmancer, a novice TeAE of Ashenzari (D:7)
  2 black mambas (Lair:3)
  A torpor snail (Lair:3)
  A gargoyle (D:11)
  6 komodo dragons
  A rime drake (Lair:2)
  Psyche (D:8)
  7 cane toads
  An unseen horror (D:11)
  A kobold demonologist (D:6)
  3 trolls
  4 hornets
  2 polar bears
  The ghost of Armakuni the Trooper, an amateur HuAr (D:4)
  Prince Ribbit (D:7)
  5 slime creatures
  Sigmund (D:5)
  30 yaks
  A basilisk (Lair:1)
  3 wyverns
  Eustachio (D:6)
  4 wraiths
  A steam dragon (D:6)
  Menkaure (D:6)
  4 wargs (D:10)
  12 water moccasins
  3 acid dragons (D:11)
  3 orc warriors
  2 ice beasts
  2 sky beasts (D:7)
  8 black bears
  A great orb of eyes simulacrum (IceCv)
  12 wolves
  5 centaurs
  A phantom (D:5)
  A kobold brigand (D:4)
  19 bullfrogs
  A necrophage (D:4)
  2 gnoll sergeants
  A glowing shapeshifter simulacrum (IceCv)
  3 scorpions
  7 wights (D:8)
  An electric eel (Lair:1)
  A howler monkey (D:10)
  5 centaur zombies (Ossuary)
  3 quasits (D:4)
  A gnoll bouda (D:9)
  2 jellies
  8 orc priests
  10 hounds
  2 iguanas
  6 orc wizards
  5 mummies (Ossuary)
  17 gnolls
  7 adders
  A shadow imp (D:6)
  2 ufetubi
  3 worms
  A dart slug (D:1)
  37 orcs
  10 endoplasms
  7 giant cockroaches
  6 goblins
  7 hobgoblins
  3 jackals (D:3)
  34 kobolds
  A quokka (D:2)
  4 ball pythons
  6 bats
  2 frilled lizards (D:1)
  A goblin zombie (D:5)
  2 hobgoblin zombies (Ossuary)
  9 rats
  A rat zombie (D:5)
377 creatures vanquished.

Vanquished Creatures (collateral kills)
  14 foxfires
14 creatures vanquished.

Vanquished Creatures (others)
  775 foxfires
  25 fungi
  94 plants
  4 toadstools (D:1)
  2 withered plants (D:10)
900 creatures vanquished.

Grand Total: 1291 creatures vanquished

Notes
Turn   | Place    | Note
-------+----------+-------------------------------------------
     0 | D:1      | funkygono the Demonspawn Fire Elementalist began the quest
                  | for the Orb.
     0 | D:1      | Reached XP level 1. HP: 13/13 MP: 3/3
   191 | D:1      | Discovered your monstrous ancestry.
   191 | D:1      | Gained mutation: Your touch may inflict minor irresistible
                  | damage on your foes. [demonic ancestry]
   191 | D:1      | Reached XP level 2. HP: 19/19 MP: 3/5
   283 | D:1      | Found Luidoib's Jewellery Boutique.
   364 | D:1      | Learned a level 2 spell: Scorch
   839 | D:1      | Reached XP level 3. HP: 21/24 MP: 3/6
   853 | D:1      | Learned a level 3 spell: Kindle Blastsparks
  1523 | D:2      | Found a radiant altar of Vehumet.
  1531 | D:2      | Became a worshipper of Vehumet
  1967 | D:2      | Gained mutation: Spells you cast may paralyse adjacent
                  | enemies. [demonic ancestry]
  1967 | D:2      | Reached XP level 4. HP: 30/30 MP: 5/8
  2009 | D:2      | Reached skill level 3 in Spellcasting
  3177 | D:3      | Reached * piety under Vehumet
  3177 | D:3      | Offered knowledge of Kiss of Death by Vehumet.
  3374 | D:3      | Learned a level 1 spell: Kiss of Death
  3513 | D:3      | Reached XP level 5. HP: 33/35 MP: 2/10
  3707 | D:4      | Found a transporter.
  3714 | D:4      | Found a transporter.
  3719 | D:4      | Noticed Armakuni's ghost (amateur HuAr)
  3901 | D:4      | Noticed a black bear
  3909 | D:4      | Killed a black bear
  3910 | D:4      | Reached skill level 4 in Spellcasting
  4019 | D:4      | Reached XP level 6. HP: 41/41 MP: 1/12
  4439 | D:4      | Found a staircase to the Ecumenical Temple.
  5113 | D:4      | Offered knowledge of Magic Dart by Vehumet.
  5120 | D:4      | Reached ** piety under Vehumet
  5515 | D:5      | Entered Level 5 of the Dungeon
  5595 | D:5      | Noticed Sigmund
  5609 | D:5      | Killed Sigmund
  5610 | D:5      | Reached skill level 5 in Spellcasting
  5610 | D:5      | Gained mutation: You have a small tail. [demonic ancestry]
  5610 | D:5      | Reached XP level 7. HP: 44/46 MP: 1/14
  5729 | D:5      | Found a sand-covered staircase.
  5736 | Ossuary  | Entered an ossuary
  5746 | Ossuary  | Reached skill level 5 in Fire Magic
  5841 | Ossuary  | Reached skill level 1 in Short Blades
  6057 | D:5      | Found a hide-covered altar of Uskayaw.
  6085 | D:5      | Gained mutation: Your touch may inflict irresistible damage
                  | on your foes. [demonic ancestry]
  6085 | D:5      | Reached XP level 8. HP: 53/53 MP: 11/16
  6127 | D:5      | Offered knowledge of Stone Arrow by Vehumet.
  6133 | D:5      | Learned a level 4 spell: Flame Wave
  6137 | D:5      | Learned a level 3 spell: Stone Arrow
  6307 | D:5      | Found a hazy altar of Hepliaklqana.
  6350 | D:5      | Reached skill level 6 in Spellcasting
  6700 | D:5      | Upgraded the game from 0.30-a0-591-g3c58d2bc28 to
                  | 0.30-a0-595-g91969c0fa5
  6800 | D:6      | Reached *** piety under Vehumet
  6824 | D:6      | Found a stormy altar of Qazlal.
  6854 | D:6      | Noticed Menkaure
  6867 | D:6      | Killed Menkaure
  7037 | D:6      | Noticed a kobold demonologist
  7041 | D:6      | Noticed an orange demon
  7052 | D:6      | Noticed an orange demon
  7052 | D:6      | Killed a kobold demonologist
  7053 | D:6      | Reached skill level 5 in Conjurations
  7109 | D:6      | Gained mutation: Spells you cast may paralyse nearby
                  | enemies. [demonic ancestry]
  7109 | D:6      | Reached XP level 9. HP: 58/58 MP: 12/19
  7304 | D:6      | Noticed Eustachio
  7316 | D:6      | Killed Eustachio
  7317 | D:6      | Reached skill level 7 in Spellcasting
  7317 | D:6      | Reached skill level 1 in Earth Magic
  7391 | D:6      | Found a shimmering altar of Xom.
  7401 | D:6      | Found a shimmering blue altar of Sif Muna.
  7524 | D:6      | Offered knowledge of Ignite Poison by Vehumet.
  7529 | D:6      | Learned a level 3 spell: Ignite Poison
  7691 | D:6      | Found Cugoil's Serpentskin Sales.
  7700 | D:6      | Reached skill level 1 in Fighting
  8299 | D:7      | Identified the +0 dagger of the Crypt {speed, Int+2 Dex+4}
  8334 | D:7      | Noticed a troll
  8339 | D:7      | Noticed a two-headed ogre
  8345 | D:7      | Noticed NoAnimeNoLife's ghost (novice TeAE)
  8423 | D:7      | Found a transporter.
  8427 | D:7      | Found a transporter.
  8444 | D:7      | Reached skill level 8 in Spellcasting
  8499 | D:7      | Noticed a boulder beetle
  8581 | D:7      | Noticed a two-headed ogre
  8598 | D:7      | Killed a two-headed ogre
  8599 | D:7      | Gained mutation: You have a pair of small antennae on your
                  | head. [demonic ancestry]
  8599 | D:7      | Reached XP level 10. HP: 53/66 MP: 5/22
  8600 | D:7      | Noticed Prince Ribbit
  8611 | D:7      | Killed Prince Ribbit
  8909 | D:7      | Reached **** piety under Vehumet
  9182 | D:7      | Identified a scroll of acquirement
  9182 | D:7      | Acquired 1106 gold pieces
  9434 | D:1      | Bought the ring "Waech" {rPois MP+9} for 405 gold pieces
  9817 | D:8      | Reached skill level 1 in Translocations
  9865 | D:8      | Reached skill level 9 in Spellcasting
  9892 | D:8      | Offered knowledge of Olgreb's Toxic Radiance by Vehumet.
  9979 | D:8      | Found a bloodstained altar of Trog.
 10035 | D:8      | Noticed Psyche
 10040 | D:8      | Killed Psyche
 10278 | D:8      | Learned a level 4 spell: Olgreb's Toxic Radiance
 10299 | D:9      | Reached ***** piety under Vehumet
 10304 | D:9      | Offered knowledge of Iskenderun's Battlesphere by Vehumet.
 10468 | D:9      | Found an iron altar of Okawaru.
 10573 | D:9      | Reached skill level 1 in Poison Magic
 10973 | D:4      | Killed Armakuni's ghost
 11167 | D:7      | Killed a two-headed ogre
 11168 | D:7      | Reached skill level 10 in Spellcasting
 11168 | D:7      | Killed a boulder beetle
 11169 | D:7      | Reached skill level 1 in Transmutations
 11169 | D:7      | Gained mutation: Your touch may irresistibly damage your
                  | foes and sap their willpower. [demonic ancestry]
 11169 | D:7      | Reached XP level 11. HP: 14/72 MP: 16/25
 11174 | D:7      | Killed NoAnimeNoLife's ghost
 11384 | D:10     | Entered Level 10 of the Dungeon
 11450 | D:10     | Found Zyvouf's Weapon Shop.
 11465 | D:10     | Found an ancient bone altar of Kikubaaqudgha.
 12056 | D:10     | Found a staircase to the Orcish Mines.
 13158 | D:11     | Found a staircase to the Lair.
 13243 | D:11     | Noticed Gastronok
 13254 | D:11     | Killed Gastronok
 13255 | D:11     | Reached skill level 11 in Spellcasting
 14123 | Lair:1   | Entered Level 1 of the Lair of Beasts
 14128 | Lair:1   | Reached skill level 5 in Poison Magic
 14302 | Lair:1   | Reached XP level 12. HP: 78/78 MP: 19/27
 14316 | Lair:1   | Noticed a boulder beetle
 14323 | Lair:1   | Killed a boulder beetle
 14739 | Lair:1   | Reached skill level 12 in Spellcasting
 16334 | Lair:3   | Reached skill level 13 in Spellcasting
 16467 | Lair:3   | Found a frozen archway.
 16505 | IceCv    | Entered an ice cave
 16571 | IceCv    | Gained mutation: You regenerate a little health from kills.
                  | [demonic ancestry]
 16571 | IceCv    | Reached XP level 13. HP: 30/83 MP: 26/30
 16783 | IceCv    | Noticed a quicksilver ooze
 16795 | IceCv    | HP: 4/83 [quicksilver ooze (12)]
 16796 | IceCv    | HP: 1/83 [quicksilver ooze (8)]
 16799 | IceCv    | Slain by a quicksilver ooze

Illustrated notes

Levels and vault maps discovered:
D:1:      ldierk_walled_garden_2, layout_basic, serial_shops, nicolae_shop_stone
D:2:      layout_basic, basic_altar
D:3:      layout_basic, zin_statuary, moated_statue
D:4:      kennysheep_kobold_camp, layout_basic,
          mainiacjoe_overflow_six_doors_small, minmay_temple_entry_poolview,
          gammafunk_ghost_stat_death, grunt_ministairs_6
D:5:      layout_basic, mainiacjoe_overflow_catwalk, nicolae_uskayaw_suspiria,
          enter_ossuary_4, uniq_sigmund
D:6:      layout_cave_pods, mainiacjoe_overflow_chevrons,
          mainiacjoe_overflow_catwalk_spiral, chequers_garden,
          hangedman_abyss_or_decor_passed, guppyfry_shop_venom, uniq_menkaure,
          uniq_eustachio
D:7:      layout_basic, nzn_ghost_randoct, minmay_manual_mares,
          uniq_prince_ribbit1
D:8:      layout_basic, trog_hazing_becter, uniq_psyche
D:9:      layout_rooms, okawaru_trees_1
D:10:     layout_layer_cave, kiku_gazebo_garden_becter,
          minmay_orc_entry_guard_dogs, serial_shops, shop
D:11:     layout_loops_cross, grunt_lair_entry_orc_guard_hut, minivault_25,
          uniq_gastronok
Lair:1:   layout_cave_shapes, serial_bayou_pond_b, serial_bayou_shore_b
Lair:2:   layout_cave_pods, grunt_megastairs_2
Lair:3:   cheibrodos_lair_overgrown_chateau, layout_hall_layers,
          nicolae_swamp_entry_spooky, dummy_snake_entry,
          portal_ice_cave_entry_pillars_1, grunt_megastairs_4
IceCv:    ice_cave_hellmonk_azure_passage

Skill      XL: |  1  2  3  4  5  6  7  8  9 10 11 12 |
---------------+-------------------------------------+-----
Fire Magic     | 3 4 5 6 7 8 9 |  9.4
Dodging        | 2 3 |  3.3
Spellcasting   | 3 4 5 6 8 10 11 13 | 13.1
Conjurations   | 2 3 4 5 6 7 8 |  8.7
Short Blades   | 1 2 3 |  3.0
Earth Magic    | 2 3 |  3.3
Fighting       | 1 2 |  2.0
Translocations | 1 |  1.1
Poison Magic   | 2 5 7 |  7.9
Transmutations | 1 2 4 |  4.1
Stealth        | |  1.7
Shields        | |  0.7
Air Magic      | |  0.1

Action                   |  1- 3 |  4- 6 |  7- 9 | 10-12 | 13-15 || total
-------------------------+-------+-------+-------+-------+-------++-------
Melee: Unarmed           |     3 |       |       |       |       ||     3
       Dagger            |     4 |       |     9 |    32 |     3 ||    48
       Short sword       |       |    17 |    21 |       |       ||    38
       Touch             |       |     2 |     4 |     6 |       ||    12
       Tailslap          |       |       |     5 |     6 |       ||    11
       Punch             |       |       |     1 |     1 |       ||     2
 Cast: Foxfire           |    69 |   127 |   129 |   120 |    13 ||   458
       Scorch            |     6 |    25 |    18 |    29 |     3 ||    81
       Stone Arrow       |       |       |    32 |    56 |     1 ||    89
       Flame Wave        |       |       |     4 |    21 |       ||    25
       Kindle Blastspark |       |       |     1 |       |       ||     1
       Olgreb's Toxic Ra |       |       |       |    63 |       ||    63
       Ignite Poison     |       |       |       |    76 |       ||    76
       Kiss of Death     |       |       |       |     3 |       ||     3
Evoke: Wand              |       |       |       |       |     1 ||     1
  Use: Scroll            |       |     9 |     6 |    12 |       ||    27
       Potion            |       |       |     1 |     1 |     4 ||     6
 Stab: Paralysed         |       |     2 |    17 |    10 |       ||    29
Armor: Robe              |    18 |    12 |    10 |       |       ||    40
       Steam dragon scal |       |       |     9 |    21 |     3 ||    33
Dodge: Dodged            |    49 |    24 |    30 |    40 |     7 ||   150
Block: Other             |       |       |     3 |    10 |     1 ||    14
       Reflection        |       |       |       |     1 |       ||     1

Table legend: (Time is in decaauts)
 A = Elapsed time spent in this place.
 B = Non-inter-level travel time spent in this place.
 C = Inter-level travel time spent in this place.
 D = Time resting spent in this place.
 E = Time spent auto-exploring this place.
 F = Levels seen in this place.
 G = Mean time per level.
                   A        B        C        D        E       F      G
               +--------+--------+--------+--------+--------+-----+--------+
         Total |  16791 |  16045 |    746 |    590 |  12917 |  16 | 1049.4 |
       Dungeon |  13993 |  13269 |    724 |    488 |  10696 |  11 | 1272.1 |
          Lair |   2254 |   2232 |     22 |    102 |   1792 |   3 |  751.3 |
       Ossuary |    252 |    252 |      0 |      0 |    192 |   1 |  252.0 |
      Ice Cave |    291 |    291 |      0 |      0 |    237 |   1 |  291.0 |
               +--------+--------+--------+--------+--------+-----+--------+

Top non-repeatable levels by time:
     D:4: 2193 daAuts
     D:3: 1478 daAuts
     D:6: 1477 daAuts
    D:10: 1475 daAuts
     D:7: 1467 daAuts
    D:11: 1390 daAuts
     D:1: 1209 daAuts
     D:2: 1097 daAuts
  Lair:2: 1055 daAuts
     D:5: 999 daAuts
  Lair:1: 985 daAuts
     D:8: 650 daAuts
     D:9: 554 daAuts
   IceCv: 291 daAuts
 Ossuary: 252 daAuts
